Description

(Roach intensive)

Build Order

Get SALT Encoding   

  12  0:00  Drone  
  13  0:12  Overlord  
  13  0:16  Drone  
  14  0:30  Drone  
  14  0:31  Drone  
  16  0:36  Drone  
  17  0:52  Hatchery  
  16  0:57  Drone  
  17  1:08  Spawning Pool  
  17  1:09  Extractor  
  15  1:13  Drone  
  15  1:16  Drone  
  17  1:20  Drone  
  18  1:28  Drone  
  19  1:38  Overlord  
  19  1:54  Queen  
  19  1:55  Zergling x2  
  22  2:04  Queen  
  22  2:08  Drone x2  
  26  2:11  Metabolic Boost  
  26  2:13  Drone  
  26  2:15  Drone  
  28  2:22  Drone  
  29  2:26  Drone  
  30  2:35  Drone  
  31  2:37  Drone  
  31  2:42  Baneling Nest  
  28  2:44  Zergling x2  
  28  2:47  Queen  
  31  2:52  Overlord  
  31  3:01  Overlord  
  31  3:13  Drone  
  31  3:14  Drone x3  
  35  3:22  Drone x5  
  35  3:24  Zergling x2  
  41  3:33  Baneling x2  
  41  3:35  Overlord  
  41  3:37  Zergling x6  
  43  4:00  Zergling x10  
  43  4:01  Zergling x2  
  43  4:02  Zergling x2  
  50  4:05  Hatchery, Zergling x2  
  50  4:06  Baneling  
  50  4:10  Zergling x2  
  50  4:15  Zergling x2  
  50  4:16  Overlord  
  52  4:19  Overlord  
  52  4:20  Overlord  
  52  4:29  Overlord  
  52  4:35  Baneling x2  
  52  4:36  Zergling x6  
  52  4:37  Zergling x2  
  58  4:39  Zergling x2  
  58  4:42  Zergling x2  
  60  4:51  Zergling x4  
  61  4:58  Roach Warren, Extractor, Drone x2  
  56  5:00  Drone x2  
  56  5:01  Drone  
  59  5:12  Drone x2  
  61  5:18  Overlord, Drone  
  61  5:19  Drone x2  
  63  5:31  Overlord  
  63  5:35  Overlord  
  62  5:38  Roach x3  
  67  5:45  Drone  
  67  5:46  Drone x6  
  73  5:50  Overlord  
  73  5:51  Evolution Chamber  
  73  5:53  Roach  
  73  5:56  Roach  
  76  5:58  Roach x2  
  76  5:59  Roach  
  81  6:05  Overlord  
  81  6:07  Overlord  
  81  6:11  Drone x6  
  78  6:18  Zerg Missile Weapons Level 1, Lair  
  82  6:19  Drone  
  82  6:21  Extractor  
  82  6:24  Roach x2  
  86  6:32  Drone x4  
  90  6:35  Extractor  
  90  6:36  Drone x2  
  91  6:40  Overlord  
  91  6:41  Roach x3  
  91  6:43  Roach  
  91  6:44  Roach  
  91  6:46  Overlord  
  101  6:51  Roach  
  101  6:52  Roach x2  
  109  6:54  Roach  
  109  6:57  Roach  
  109  6:59  Roach x2  
  115  7:04  Roach x2  
  115  7:05  Roach  
  115  7:08  Roach  
  123  7:10  Zergling x2  
  123  7:11  Roach, Zergling x2  
  123  7:14  Roach  
  126  7:15  Roach  
  126  7:21  Roach  
  126  7:24  Baneling  
  126  7:25  Baneling  
  126  7:26  Roach x2  
  126  7:29  Glial Reconstitution  
  130  7:30  Overlord  
  130  7:31  Roach  
  130  7:35  Roach x2  
  136  7:37  Overlord  
  136  7:38  Roach  
  136  7:40  Roach  
  136  7:41  Overlord  
  136  7:43  Roach  
  142  7:45  Roach  
  142  7:48  Roach  
  142  7:50  Roach  
  148  7:54  Roach x2  
  148  7:57  Overlord  
  148  7:58  Roach  
  154  7:59  Roach  
  154  8:02  Roach  
  154  8:03  Roach  
  160  8:06  Roach  
  160  8:07  Overlord  
  160  8:08  Roach  
  160  8:11  Roach  
  168  8:13  Roach  
  168  8:15  Roach  
  168  8:17  Roach  
  168  8:19  Roach  
  174  8:22  Roach  
  174  8:24  Overlord  
  174  8:25  Overlord  
  174  8:26  Roach  
  180  8:27  Roach  
  180  8:30  Roach  
  180  8:34  Queen  
  180  8:36  Roach  
  180  8:38  Roach  
  180  8:41  Roach  
  188  8:44  Roach  
  188  8:47  Roach  
  188  8:48  Roach  
  192  8:50  Roach  
  192  8:54  Roach  
  192  8:55  Roach  
  173  8:57  Roach  
  173  9:00  Roach  
  173  9:02  Roach  
  159  9:04  Roach  
  159  9:06  Roach  
  159  9:08  Roach  
  165  9:11  Roach  
  165  9:13  Roach  
  165  9:14  Extractor  
  165  9:16  Roach  
  170  9:19  Hatchery  
  170  9:20  Roach  
  170  9:22  Roach  
  175  9:24  Roach  
  175  9:27  Roach  
  175  9:28  Roach  
  175  9:30  Roach  
  181  9:32  Roach  
  181  9:34  Roach  
  181  9:36  Roach  
  189  9:38  Roach  
  189  9:40  Roach  
  189  9:44  Roach  
  193  9:46  Roach  
  193  9:48  Roach  
  195  9:54  Roach x2  
  195  9:55  Roach  
  195  9:57  Roach  
  195  9:59  Roach  
  181  10:01  Roach  
  181  10:02  Zergling x2  
  181  10:03  Zergling x8  
  181  10:05  Roach  
  181  10:06  Roach  
  153  10:09  Roach  
  153  10:11  Roach  
  153  10:13  Roach  
  139  10:15  Roach  
  139  10:17  Roach  
  139  10:20  Roach  
  131  10:30  Hatchery  
Spawning Tool Build Advisor. Get it on Overwolf

Analysis

(Roach intensive)

Go to:

Details

  • Created by: DarkHeartz
  • Published on: Nov 08, 2016
  • Modified on: Nov 08, 2016
  • Patch: Pre-3.8.0
Show
View Real Time Build Order
Export as new Build Order

Comments (0)

There are no comments. Be the first!

Create an account to comment!